 Dungeon Crawl Stone Soup version 0.19-a0-1238-gee6bd96 (webtiles) character file.

92 MTVSty1e the Skirmisher (level 4, -2/42 HPs)
             Began as a Tengu Fire Elementalist on Aug 26, 2016.
             Slain by an orc wizard
             ... wielding a +0 dagger
              (3 damage)
             ... on level 3 of the Dungeon.
             The game lasted 00:13:43 (1748 turns).

MTVSty1e the Skirmisher (Tengu Fire Elementalist)   Turns: 1748, Time: 00:13:44

Health: -2/42      AC:  4    Str: 13    XL:     4   Next: 60%
Magic:  1/8        EV: 13    Int: 16    God:
Gold:   69         SH:  0    Dex: 15    Spells: 1 memorised, 6 levels left

rFire  . . .     SeeInvis .     p - staff of wizardry
rCold  . . .     Gourm    .     a - +1 robe
rNeg   . . .     Faith    .     (no shield)
rPois  .         Spirit   .     (helmet restricted)
rElec  .         Dismiss  .     i - +0 cloak
rCorr  .         Reflect  .     (no gloves)
MR     .....     Harm     .     (boots unavailable)
Stlth  .......... Rnd*Tele +    (no amulet)
                                (no ring)
                                l - ring of teleportation (curse)

@: berserking, very quick
A: beak, talons 3
a: no special abilities


You were on level 3 of the Dungeon.
You were not hungry.

You visited 1 branch of the dungeon, and saw 3 of its levels.

You collected 69 gold pieces.

Inventory:

Hand Weapons
 g - a +0 dagger
Armour
 a - a +1 robe (worn)
 i - a +0 cloak (worn)
Magical Staves
 p - an uncursed staff of wizardry (weapon)
Jewellery
 l - a cursed ring of teleportation (left hand)
Scrolls
 d - a scroll of teleportation
 e - 3 scrolls of fog
 f - 3 scrolls of identify
 h - a scroll of enchant armour
Potions
 j - a potion of ambrosia
 k - a potion of flight {unknown}
 m - a potion of berserk rage
 n - a potion of lignification {unknown}
Books
 b - a book of Flames

   Spells                             Type                      Level
   a - Flame Tongue                   Conjuration/Fire             1
   b - Throw Flame                    Conjuration/Fire             2
   c - Conjure Flame                  Conjuration/Fire             3
   d - Inner Flame                    Hexes/Fire                   3
   e - Sticky Flame                   Conjuration/Fire             4
   f - Fireball                       Conjuration/Fire             5
Comestibles
 c - 2 bread rations


   Skills:
 * Level 3.5 Fighting
 - Level 0.2 Short Blades
 + Level 2.4 Dodging
 + Level 2.0 Stealth
 + Level 2.0 Spellcasting
 + Level 2.0 Conjurations
 + Level 3.3 Fire Magic


You had 6 spell levels left.
You knew the following spells:

 Your Spells              Type           Power        Failure   Level  Hunger
a - Flame Tongue          Conj/Fire      ##...        4%          1    #......


Dungeon Overview and Level Annotations

Branches:
Dungeon (3/15)

Altars:
Ashenzari


Innate Abilities, Weirdness & Mutations

You have a beak for a mouth.
You have claws for feet.


Message History

You are too injured to fight recklessly!
You are too injured to fight recklessly!
You are too injured to fight recklessly!
You hit the ooze!
The ooze is almost dead.
Something hits you but does no damage. The orc misses you.
You hit the ooze!
You kill the ooze!
Your Conjurations skill increases to level 2!
Something hits you.
* * * LOW HITPOINT WARNING * * *
Something hits you.
* * * LOW HITPOINT WARNING * * *
You closely miss the orc. You claw the orc.
You kill the orc!
Something hits you.
* * * LOW HITPOINT WARNING * * *
Your magical contamination has completely faded away.
Something hits you.
You die...

.....,,,**,,,,***,,,,,,*********
.....,,,,............,,,,,,,,,>*
.....,*,.#...8.........#####****
(....,*,....8.8....##......#
.#...,,,...8._.8...##......#
.....,,,....8.8....##.....!#
...#,,,,.....8.....##......#
...#,,,,...................#
..##,**,.###....@.#........#
....",,,..........[......#,*
.....,,,..##......#......#,*
##...,,,,,*#.....##......#,*
.....,,,,,*#.....##.#†#..#,*
##...*,,,,*#.....##.#)####,**#***
,,,,,,,,,,#..........(..)#o...,,,
.,,,,,,,,,#...........$....#,***,
...,,,,,,,#...................,,,


There were no monsters in sight!

Vanquished Creatures
  2 gnolls
  An adder (D:2)
  3 oozes
  A worm (D:2)
  4 orcs (D:3)
  7 bats
  4 goblins (D:1)
  11 hobgoblins (D:1)
  A ball python (D:1)
  3 kobolds
  5 rats
42 creatures vanquished.

Notes
Turn   | Place    | Note
-------+----------+-------------------------------------------
     0 | D:1      | MTVSty1e the Tengu Fire Elementalist began the quest for the Orb.
     0 | D:1      | Reached XP level 1. HP: 10/10 MP: 4/4
    62 | D:1      | Reached skill level 1 in Fighting
   140 | D:1      | Reached XP level 2. HP: 16/16 MP: 0/6
   497 | D:1      | Reached XP level 3. HP: 22/22 MP: 4/7
  1400 | D:2      | Found a shattered altar of Ashenzari.
  1434 | D:2      | Reached XP level 4. HP: 24/28 MP: 5/8
  1698 | D:3      | Found a faded altar of an unknown god.
  1747 | D:3      | HP: 1/42 [something (2)]
  1748 | D:3      | Slain by an orc wizard

Vault maps used:
D:1:      scummos_arrival_checkerplants
D:2:      ashenzari_conservatory_becter, first_bread, uniq_natasha
D:3:      wad_river_or_something, old_standard_altar,
          nicolae_overflow_crystal_walls, ecumenical_altar_2,
          kennysheep_slug_shrine

Skill      XL: |  1  2  3  4 |
---------------+-------------+-----
Fighting       | 1 2 3 |  3.5
Conjurations   | 2 |  2.0
Short Blades   | |  0.2
Dodging        | |  2.4
Stealth        | |  2.0
Spellcasting   | |  2.0
Fire Magic     | |  3.3

Action                   |  1- 3 |  4- 6 || total
-------------------------+-------+-------++-------
Melee: Dagger            |    57 |    11 ||    68
       Kick              |    12 |     2 ||    14
       Peck              |    11 |     3 ||    14
       Staff             |       |     6 ||     6
 Cast: Flame Tongue      |    36 |    21 ||    57
  Use: Scroll            |     5 |     3 ||     8
       Potion            |       |     1 ||     1
 Stab: Sleeping          |     2 |     1 ||     3
  Eat: Meat ration       |     1 |       ||     1
       Fruit             |     1 |       ||     1
Armor: Robe              |    10 |     3 ||    13
Dodge: Dodged            |    36 |    11 ||    47
